 Dungeon Crawl Stone Soup version 0.30.1-9-gdf580d7c3d (webtiles) character file.

Game seed: 2206465864450256425

193 monsoonserge the Grasshopper (level 5, 0/39 HPs)
             Began as a Demonspawn Warper on Sept 29, 2023.
             Slain by an iguana (12 damage)
             ... on level 4 of the Dungeon.
             The game lasted 00:05:31 (1915 turns).

monsoonserge the Grasshopper (Demonspawn Warper)    Turns: 1915, Time: 00:05:31

Health: 0/39       AC:  6    Str: 11    XL:     5   Next: 44%
Magic:  8/8        EV: 10    Int: 17    God:
Gold:   155        SH:  0    Dex: 12    Spells: 6/8 levels left

rFire   . . .        a - +0 short sword
rCold   . . .        (no shield)
rNeg    . . .        s - +0 scale mail
rPois   .            (helmet restricted)
rElec   .            (no cloak)
rCorr   .            (no gloves)
SInv    .            (no boots)
Will    .....        (no amulet)
Stlth   +            (no ring)
HPRegen 0.26/turn    (no ring)
MPRegen 0.11/turn

%: no passive effects
@: no status effects
A: horns 1, spiny 1, sturdy frame 1
a: no special abilities


You were on level 4 of the Dungeon.
You visited 1 branch of the dungeon, and saw 4 of its levels.

You collected 155 gold pieces.

Inventory:

Hand Weapons
 a - a +0 short sword (weapon)
Missiles
 d - 7 boomerangs of dispersal (quivered)
 r - 5 boomerangs
Armour
 b - a +0 leather armour
 f - a +0 ring mail
 m - a +0 ring mail
 s - a +0 scale mail (worn)
Scrolls
 c - a scroll of blinking
 h - 2 scrolls of immolation {unknown}
 i - a scroll of teleportation {unknown}
 k - 3 scrolls of vulnerability {unknown}
 o - a scroll of poison {unknown}
 p - a scroll of fear {unknown}
 q - a scroll of identify {unknown}
Potions
 e - 2 potions of lignification {unknown}
 g - 4 potions of curing {unknown}
 j - a potion of invisibility {unknown}
 l - 2 potions of might {unknown}
 n - a potion of mutation {unknown}
 t - a potion of resistance {unknown}


   Skills:
 + Level 2.6 Fighting
 + Level 2.6 Short Blades
 + Level 0.8 Throwing
 * Level 2.4 Armour
 + Level 3.2 Dodging
 + Level 0.5 Stealth
 - Level 2.0 Spellcasting
 * Level 3.2 Translocations


You had 6 spell levels left.
You knew the following spells:

 Your Spells              Type           Power      Damage    Failure   Level
a - Blink                 Tloc           24%        N/A       22%         2

Your spell library contained the following spells:

 Spells                   Type           Power      Damage    Failure   Level
 Lesser Beckoning         Tloc           24%        N/A       22%         2
 Teleport Other           Tloc           12%        N/A       41%         3
 Vhi's Electric Charge    Tloc/Air       14%        N/A       65%         3
 Manifold Assault         Tloc           12%        N/A       83%         4
 Ozocubu's Armour         Ice            1%         N/A       86%         3
 Ozocubu's Refrigeration  Ice            0%         4d7       100%        7


Dungeon Overview and Level Annotations

Branches:
Dungeon (4/15)
 Temple: D:4-7

Altars:
Fedhas
Yredelemnul


Innate Abilities, Weirdness & Mutations

You have a pair of small horns on your head.
You are partially covered in sharp spines.
Your movements are slightly less encumbered by armour. (ER -2)


Message History

The endoplasm is severely wounded.
The endoplasm is struck by your spines.
You kill the endoplasm!
An orc comes into view. It is wielding a +0 dagger.
The orc hits you with a +0 club.
You barely miss the orc. The orc is struck by your spines.
The orc hits you but does no damage.
You hit the orc but do no damage. Your headbutt misses the orc.
The orc is almost dead.
The iguana is struck by your spines.
The iguana bites you but does no damage.
The orc closely misses you.
You hit the iguana.
The iguana is moderately wounded.
The iguana is struck by your spines. The iguana bites you.
An orc comes into view. It is wielding a +0 dagger.
The orc hits you but does no damage.
You hit the iguana.
The iguana is heavily wounded.
You closely miss the iguana. Your headbutt misses the iguana.
The iguana is heavily wounded.
The iguana bites you! The orc hits you but does no damage.
You hit the iguana but do no damage.
The iguana is heavily wounded.
The iguana is struck by your spines. The iguana completely misses you.
The orc is struck by your spines.
You kill the orc!
You hit the iguana.
The iguana is heavily wounded.
The iguana bites you!
* * * LOW HITPOINT WARNING * * *
The iguana attacks as you move away!
The iguana bites you but does no damage.
The orc attacks as you move away! The orc is struck by your spines.
You kill the orc!
The iguana attacks as you move away! The iguana is struck by your spines.
The iguana completely misses you.
There is a stone staircase leading up here.
The iguana bites you!
You die...

#.........#...
##.)...........
##..............
...............
.............# #
.##.........###.....
....................
#@l.>.....$...
###o)......?..
##..........
####.o.........
#..............
#.<........
#..).....$.
......#......
...o...###.#...


You could see an iguana and an orc.

Vanquished Creatures
  A howler monkey (D:3)
  Natasha (D:3)
  Robin (D:2)
  3 adders
  A dart slug (D:1)
  2 orcs (D:4)
  6 endoplasms
  3 giant cockroaches
  15 goblins
  4 hobgoblins
  11 jackals
  9 kobolds
  2 quokkas (D:3)
  9 ball pythons
  6 bats
  A frilled lizard (D:3)
  5 rats
80 creatures vanquished.

Vanquished Creatures (others)
  A quokka (D:3)
1 creature vanquished.

Grand Total: 81 creatures vanquished

Notes
Turn   | Place    | Note
-------+----------+-------------------------------------------
     0 | D:1      | monsoonserge the Demonspawn Warper began the quest for the
                  | Orb.
     0 | D:1      | Reached XP level 1. HP: 16/16 MP: 3/3
   149 | D:1      | Gained mutation: You are partially covered in sharp spines.
                  | [demonic ancestry]
   149 | D:1      | Reached XP level 2. HP: 12/22 MP: 5/5
   307 | D:1      | Reached skill level 1 in Armour
   329 | D:1      | Learned a level 2 spell: Blink
   548 | D:2      | Gained mutation: Your movements are slightly less
                  | encumbered by armour. (ER -2) [demonic ancestry]
   548 | D:2      | Reached XP level 3. HP: 24/27 MP: 6/6
   863 | D:2      | Noticed Robin
   894 | D:2      | Killed Robin
   895 | D:2      | Gained mutation: You have a pair of small horns on your
                  | head. [demonic ancestry]
   895 | D:2      | Reached XP level 4. HP: 33/34 MP: 7/7
  1250 | D:3      | Found a blossoming altar of Fedhas.
  1263 | D:3      | Found a basalt altar of Yredelemnul.
  1732 | D:4      | Noticed Natasha
  1752 | D:3      | Killed Natasha
  1753 | D:3      | Reached XP level 5. HP: 18/39 MP: 8/8
  1915 | D:4      | Slain by an iguana

Illustrated notes

Levels and vault maps discovered:
D:1:      amcnicky_arrival_blooded_trapdoor, layout_rooms, minmay_pentomino_z4
D:2:      layout_basic, uniq_robin
D:3:      layout_loops_ring, elyvilon_altar_4, grunt_temple_overflow_open
D:4:      layout_cave_pools, temple_hall, uniq_natasha

Skill      XL: |  1  2  3  4 |
---------------+-------------+-----
Translocations | 3 |  3.2
Dodging        | 2 3 |  3.2
Short Blades   | 2 |  2.6
Armour         | 1 2 |  2.4
Fighting       | |  2.6
Throwing       | |  0.8
Stealth        | |  0.5
Spellcasting   | |  2.0

Action                     |  1- 3 |  4- 6 || total
---------------------------+-------+-------++-------
  Melee: Short sword       |   120 |    71 ||   191
         Punch             |     1 |     1 ||     2
         Headbutt          |       |    11 ||    11
   Stab: Sleeping          |     1 |       ||     1
 Armour: Leather armour    |    16 |       ||    16
         Ring mail         |    37 |     5 ||    42
         Scale mail        |       |    22 ||    22
  Dodge: Dodged            |    77 |    26 ||   103
